ORI
UNIVERSITY OF OKLAHOMA SOONERS @ UNIVERSITY OF MINNESOTA GOLDEN GOPHERS
07/22/2048
 
TOP OF THE 1ST
University of Oklahoma Sooners batting - Pitching for University of Minnesota Golden Gophers : LHP Baden Trevelyan
Pitching: LHP Baden Trevelyan
Batting: LHB Alex Benabides 0-0: Ball
1-0: Ground out 6-3 (Groundball, 6, EV 106.2 MPH)
Batting: RHB Jesus Montoya 0-0: Called Strike
0-1: Called Strike
0-2: Strikes out swinging
Batting: RHB Ruben Arreola 0-0: Ball
1-0: Fly out, F2 (Popup, 25F, EV 86.9 MPH)
Top of the 1st over - 0 runs, 0 hits, 0 errors, 0 left on base; University of Oklahoma 0 - University of Minnesota 0
BOTTOM OF THE 1ST
University of Minnesota Golden Gophers batting - Pitching for University of Oklahoma Sooners : RHP Chad Falgout
Pitching: RHP Chad Falgout
Batting: LHB Alex Villa 0-0: Swinging Strike
0-1: Ball
1-1: Ground out 5-3 (Groundball, 56, EV 81.9 MPH)
Batting: RHB Tatsuyoshi Ikeda 0-0: Ball
1-0: Fly out, F3 (Popup, 3, EV 71.2 MPH)
Batting: LHB Dick Shafer 0-0: Ball
1-0: Called Strike
1-1: Ground out U3 (Groundball, 3L, EV 83.8 MPH)
Bottom of the 1st over - 0 runs, 0 hits, 0 errors, 0 left on base; University of Oklahoma 0 - University of Minnesota 0
TOP OF THE 2ND
University of Oklahoma Sooners batting - Pitching for University of Minnesota Golden Gophers : LHP Baden Trevelyan
Batting: LHB Paul Mooris 0-0: Called Strike
0-1: Foul Ball, location: 2F
0-2: Fly out, F7 (Line Drive, 7LM, EV 90.6 MPH)
Batting: LHB Cameron Marinelli 0-0: Ball
1-0: Called Strike
1-1: Foul Ball, location: 2F
1-2: Foul Ball, location: 2F
1-2: Ball
2-2: Ball
3-2: Ground out 6-3 (Groundball, 56, EV 102.5 MPH)
Batting: RHB Victor Borras 0-0: Ball
1-0: DOUBLE (Line Drive, 78D, EV 103.8 MPH)
Batting: RHB Sam Mason 0-0: Called Strike
0-1: Foul Ball, location: 2F
0-2: Ball
1-2: Ground out 1-3 (Groundball, 25, EV 63.8 MPH)
Top of the 2nd over - 0 runs, 1 hit, 0 errors, 1 left on base; University of Oklahoma 0 - University of Minnesota 0
BOTTOM OF THE 2ND
University of Minnesota Golden Gophers batting - Pitching for University of Oklahoma Sooners : RHP Chad Falgout
Batting: RHB Jarrod Strickhouser 0-0: Called Strike
0-1: Swinging Strike
0-2: Ground out 6-3 (Groundball, 6, EV 80.6 MPH)
Batting: RHB Jason Mooris 0-0: Ball
1-0: Ground out 5-3 (Groundball, 56S, EV 93.8 MPH)
Batting: RHB Farakiko Haunani 0-0: Called Strike
0-1: Foul Ball, location: 2F
0-2: Fly out, F8 (Line Drive, 8RM, EV 92.5 MPH)
Bottom of the 2nd over - 0 runs, 0 hits, 0 errors, 0 left on base; University of Oklahoma 0 - University of Minnesota 0
TOP OF THE 3RD
University of Oklahoma Sooners batting - Pitching for University of Minnesota Golden Gophers : LHP Baden Trevelyan
Batting: RHB Jon Hubbard 0-0: Foul Ball, location: 2F
0-1: SINGLE (Line Drive, 89S, EV 106.9 MPH)
Batting: RHB Jason Higgins 0-0: Ball
1-0: Swinging Strike
1-1: Called Strike
1-2: Ball
2-2: Foul Ball, location: 2F
2-2: Foul Ball, location: 2F
2-2: Ball
3-2: Strikes out swinging
Batting: LHB Alex Benabides 0-0: Fly out, F8 (Flyball, 89D, EV 102.5 MPH)
Batting: RHB Jesus Montoya 0-0: Called Strike
0-1: Foul Ball, location: 2F
0-2: Strikes out looking
Top of the 3rd over - 0 runs, 1 hit, 0 errors, 1 left on base; University of Oklahoma 0 - University of Minnesota 0
BOTTOM OF THE 3RD
University of Minnesota Golden Gophers batting - Pitching for University of Oklahoma Sooners : RHP Chad Falgout
Batting: RHB Chang-wei Go 0-0: Called Strike
0-1: Ball
1-1: Ball
2-1: SINGLE (Line Drive, 56D, EV 95.6 MPH)
Batting: RHB Ritter Naehr 0-0: Called Strike
0-1: Swinging Strike
0-2: Fielders Choice at 2nd, 3-6 (Groundball, 3, EV 86.2 MPH)
Batting: RHB Toshio Saiki 0-0: Called Strike
Ritter Naehr is caught stealing 2nd base 2-4
0-1: Swinging Strike
0-2: Ground out U3 (Groundball, 34, EV 83.1 MPH)
Bottom of the 3rd over - 0 runs, 1 hit, 0 errors, 0 left on base; University of Oklahoma 0 - University of Minnesota 0
TOP OF THE 4TH
University of Oklahoma Sooners batting - Pitching for University of Minnesota Golden Gophers : LHP Baden Trevelyan
Batting: RHB Ruben Arreola 0-0: Ball
1-0: Called Strike
1-1: Ball
2-1: Called Strike
2-2: Foul Ball, location: 2F
2-2: Ground out 6-3 (Groundball, 6D, EV 90.0 MPH)
Batting: LHB Paul Mooris 0-0: Called Strike
0-1: Ball
1-1: Foul Ball, location: 2F
1-2: Strikes out looking
Batting: LHB Cameron Marinelli 0-0: Called Strike
0-1: Ball
1-1: Ball
2-1: Foul Ball, location: 2F
2-2: Ball
3-2: Strikes out swinging
Top of the 4th over - 0 runs, 0 hits, 0 errors, 0 left on base; University of Oklahoma 0 - University of Minnesota 0
BOTTOM OF THE 4TH
University of Minnesota Golden Gophers batting - Pitching for University of Oklahoma Sooners : RHP Chad Falgout
Batting: LHB Alex Villa 0-0: Called Strike
0-1: Swinging Strike
0-2: Ball
1-2: Ball
2-2: Fly out, F8 (Flyball, 8RD, EV 85.0 MPH)
Batting: RHB Tatsuyoshi Ikeda 0-0: Swinging Strike
0-1: Called Strike
0-2: Ball
1-2: Ball
2-2: SINGLE (Groundball, 6MD, EV 103.8 MPH)
Batting: LHB Dick Shafer 0-0: Called Strike
0-1: Fly out, F4 (Popup, 34D, EV 66.9 MPH)
Batting: RHB Jarrod Strickhouser 0-0: Called Strike
0-1: Called Strike
0-2: SINGLE (Groundball, P, EV 78.8 MPH) (infield hit)
Tatsuyoshi Ikeda to second
Batting: RHB Jason Mooris 0-0: Called Strike
0-1: Ball
1-1: Ball
2-1: Ball
3-1: Fly out, F8 (Flyball, 8RD, EV 75.6 MPH)
Bottom of the 4th over - 0 runs, 2 hits, 0 errors, 2 left on base; University of Oklahoma 0 - University of Minnesota 0
TOP OF THE 5TH
University of Oklahoma Sooners batting - Pitching for University of Minnesota Golden Gophers : LHP Baden Trevelyan
Now at 2B: Farakiko Haunani
Now at 3B: Ron Gooch
Now in LF: Constant Consalvi
Batting: RHB Victor Borras 0-0: Called Strike
0-1: Ball
1-1: Ball
2-1: SINGLE (Line Drive, 56, EV 107.5 MPH)
Batting: RHB Sam Mason 0-0: Ball
1-0: Fielders Choice at 2nd, 6-4 (Groundball, 6, EV 91.2 MPH)
Batting: RHB Jon Hubbard 0-0: Swinging Strike
0-1: Foul Ball, location: 2F
0-2: Ball
1-2: Strikes out looking
Batting: RHB Jason Higgins 0-0: Called Strike
0-1: Swinging Strike
0-2: Strikes out swinging
Top of the 5th over - 0 runs, 1 hit, 0 errors, 1 left on base; University of Oklahoma 0 - University of Minnesota 0
BOTTOM OF THE 5TH
University of Minnesota Golden Gophers batting - Pitching for University of Oklahoma Sooners : RHP Chad Falgout
Now in LF: Kjeld Leen
Batting: RHB Farakiko Haunani 0-0: Called Strike
0-1: Foul Ball, location: 2F
0-2: Foul Ball, location: 2F
0-2: Ball
1-2: Strikes out swinging
Batting: RHB Chang-wei Go 0-0: Ball
1-0: Ball
2-0: Ball
3-0: Base on Balls
Batting: RHB Ritter Naehr 0-0: Ball
Chang-wei Go is caught stealing 2nd base 2-4
1-0: Swinging Strike
1-1: Called Strike
1-2: Foul Ball, location: 2F
1-2: Foul Ball, location: 2F
1-2: Strikes out swinging
Bottom of the 5th over - 0 runs, 0 hits, 0 errors, 0 left on base; University of Oklahoma 0 - University of Minnesota 0
TOP OF THE 6TH
University of Oklahoma Sooners batting - Pitching for University of Minnesota Golden Gophers : LHP Baden Trevelyan
Pitching: RHP Dan Lupo
Now at C: Bing Loh
Now at 1B: Jose Moncada
Now in RF: Roy Evenden
Pinch Hitting: LHB Alex Gutierrez 0-0: Called Strike
0-1: Foul Ball, location: 2F
0-2: Ball
1-2: Foul Ball, location: 2F
1-2: Foul Ball, location: 2F
1-2: Hit by Pitch
Pinch Hitting: RHB Virgil Wenz 0-0: Ball
1-0: Fielders Choice at 2nd, 3-6 (Groundball, 34S, EV 81.9 MPH)
Batting: LHB Toby Clark 0-0: Ball
Virgil Wenz steals 2nd base
1-0: Foul Ball, location: 2F
1-1: Ball
2-1: Called Strike
Virgil Wenz steals 3rd, throwing error, E2
Virgil Wenz scores
2-2: Foul Ball, location: 2F
2-2: SINGLE (Groundball, 34D, EV 104.4 MPH)
Batting: RHB Kjeld Leen 0-0: Called Strike
0-1: Ball
1-1: Ball
2-1: Fly out, F7 (Flyball, 7, EV 88.1 MPH)
Pinch Hitting: RHB Myles Sabine 0-0: Ball
1-0: Foul Ball, location: 2F
1-1: Ground out 1-3 (Groundball, 13, EV 68.1 MPH)
Top of the 6th over - 1 run, 1 hit, 1 error, 1 left on base; University of Oklahoma 1 - University of Minnesota 0
BOTTOM OF THE 6TH
University of Minnesota Golden Gophers batting - Pitching for University of Oklahoma Sooners : RHP Chad Falgout
Pitching: LHP Doug Lacenaire
Now at C: Ben Gappa
Now at 1B: Sugiarto Kartosuwiryo
Now at 2B: Benedetto Legnano
Now at 3B: David Stuckey
Now in CF: Suk Hahn
Now in RF: Eric Peterson
Batting: RHB Toshio Saiki 0-0: Ball
1-0: Ground out U3 (Groundball, 3, EV 98.8 MPH)
Batting: RHB Ron Gooch 0-0: DOUBLE (Flyball, 9D, EV 96.9 MPH)
Pinch Hitting: RHB Scott Rose 0-0: Called Strike
0-1: Ground out 4-3 (Groundball, 4M, EV 89.4 MPH)
Ron Gooch to third
Batting: RHB Mike Satterfield 0-0: Fly out, F8 (Flyball, 78M, EV 90.6 MPH)
Bottom of the 6th over - 0 runs, 1 hit, 0 errors, 1 left on base; University of Oklahoma 1 - University of Minnesota 0
TOP OF THE 7TH
University of Oklahoma Sooners batting - Pitching for University of Minnesota Golden Gophers : RHP Dan Lupo
Now in LF: Jarrod Strickhouser
Now in CF: Chris Rodgers
Batting: RHB Sugiarto Kartosuwiryo 0-0: Swinging Strike
0-1: Ball
1-1: Called Strike
1-2: Strikes out looking
Batting: RHB Sam Mason 0-0: Ball
1-0: Foul Ball, location: 2F
1-1: Foul Ball, location: 2F
1-2: Foul Ball, location: 2F
1-2: Foul Ball, location: 2F
1-2: Foul Ball, location: 2F
1-2: Foul Ball, location: 2F
1-2: Foul Ball, location: 2F
1-2: Ball
2-2: Ball
3-2: Base on Balls
Pitching: RHP Enakai Moritiica
Batting: RHB Eric Peterson 0-0: Ball
1-0: Fly out, F8 (Flyball, 8RD, EV 106.2 MPH)
Batting: RHB David Stuckey 0-0: Called Strike
0-1: Ball
1-1: Ball
Wild Pitch!
Sam Mason to second
2-1: Foul Ball, location: 2F
2-2: 2-RUN HOME RUN (Flyball, 9D, EV 99.4 MPH), Distance : 394 ft
Batting: RHB Ben Gappa 0-0: Called Strike
0-1: Called Strike
0-2: Ball
1-2: Ground out 5-3 (Groundball, 5, EV 78.8 MPH)
Top of the 7th over - 2 runs, 1 hit, 0 errors, 0 left on base; University of Oklahoma 3 - University of Minnesota 0
BOTTOM OF THE 7TH
University of Minnesota Golden Gophers batting - Pitching for University of Oklahoma Sooners : LHP Doug Lacenaire
Pinch Hitting: RHB Dave Uttley 0-0: Ball
1-0: SINGLE (Groundball, 6M, EV 103.1 MPH) (infield hit)
Batting: LHB Jose Moncada 0-0: Ball
1-0: Ball
2-0: Called Strike
2-1: Foul Ball, location: 2F
2-2: Fly out, F8 (Flyball, 8LM, EV 96.9 MPH)
Pinch Hitting: RHB Ozzie Buendia 0-0: Fly out, F3 (Popup, 23, EV 76.9 MPH)
Batting: RHB Roy Evenden 0-0: Swinging Strike
0-1: Ball
1-1: Ball
2-1: Called Strike
2-2: Strikes out looking
Bottom of the 7th over - 0 runs, 1 hit, 0 errors, 1 left on base; University of Oklahoma 3 - University of Minnesota 0
TOP OF THE 8TH
University of Oklahoma Sooners batting - Pitching for University of Minnesota Golden Gophers : RHP Enakai Moritiica
Pitching: RHP John Roebuck
Now at 2B: Ron Gooch
Now at 3B: Ozzie Buendia
Now in LF: Dave Uttley
Batting: SHB Benedetto Legnano 0-0: Called Strike
0-1: Swinging Strike
0-2: SINGLE (Groundball, 4, EV 94.4 MPH)
Batting: LHB Toby Clark 0-0: Foul Ball, location: 2F
0-1: Called Strike
0-2: DOUBLE (Line Drive, 78M, EV 108.1 MPH)
Benedetto Legnano to third
Batting: RHB Kjeld Leen 0-0: Called Strike
0-1: Swinging Strike
0-2: Hit by Pitch
Pinch Hitting: LHB Jon Terrones 0-0: Ball
1-0: Called Strike
1-1: Foul Ball, location: 2F
1-2: Strikes out swinging
Batting: RHB Sugiarto Kartosuwiryo 0-0: Foul Ball, location: 2F
0-1: Called Strike
0-2: Ball
1-2: Ball
Wild Pitch!
Benedetto Legnano scores
Toby Clark to third
Kjeld Leen to second
2-2: Foul Ball, location: 2F
2-2: Ball
3-2: TRIPLE (Flyball, 8RXD, EV 112.5 MPH)
Toby Clark scores
Kjeld Leen scores
Pitching: RHP Nick Gonzalez
Batting: RHB Sam Mason 0-0: Ball
1-0: Called Strike
1-1: Swinging Strike
1-2: Ball
2-2: Strikes out swinging
Batting: RHB Eric Peterson 0-0: Called Strike
0-1: Called Strike
0-2: Ball
1-2: Ball
2-2: Strikes out swinging
Top of the 8th over - 3 runs, 3 hits, 0 errors, 1 left on base; University of Oklahoma 6 - University of Minnesota 0
BOTTOM OF THE 8TH
University of Minnesota Golden Gophers batting - Pitching for University of Oklahoma Sooners : LHP Doug Lacenaire
Pitching: LHP Brandon Lahoda
Now in CF: Michio Okamoto
Batting: RHB Bing Loh 0-0: Called Strike
0-1: Ball
1-1: Ball
2-1: Ball
3-1: Foul Ball, location: 2F
3-2: Base on Balls
Batting: RHB Toshio Saiki 0-0: Ball
1-0: Foul Ball, location: 2F
1-1: Fly out, F8 (Flyball, 8RD, EV 105.6 MPH)
Batting: RHB Ron Gooch 0-0: Ball
Wild Pitch!
Bing Loh to second
1-0: Ball
2-0: Foul Ball, location: 2F
2-1: Ball
3-1: Called Strike
3-2: Fly out, F3 (Popup, 3, EV 68.1 MPH)
Batting: SHB Chris Rodgers 0-0: Ball
1-0: Ball
2-0: Called Strike
2-1: Ball
3-1: Foul Ball, location: 2F
3-2: Ground out 5-3 (Groundball, 5S, EV 87.5 MPH)
Bottom of the 8th over - 0 runs, 0 hits, 0 errors, 1 left on base; University of Oklahoma 6 - University of Minnesota 0
TOP OF THE 9TH
University of Oklahoma Sooners batting - Pitching for University of Minnesota Golden Gophers : RHP Nick Gonzalez
Batting: RHB David Stuckey 0-0: Swinging Strike
0-1: Ball
1-1: Ball
2-1: Foul Ball, location: 2F
2-2: Ball
3-2: Base on Balls
Pinch Hitting: SHB Orlando Uribe 0-0: Called Strike
0-1: Called Strike
0-2: Strikes out looking
Batting: SHB Benedetto Legnano 0-0: Ball
1-0: Called Strike
1-1: Swinging Strike
1-2: Foul Ball, location: 2F
1-2: Ball
2-2: Strikes out swinging
Batting: RHB Jon Chatman 0-0: Foul Ball, location: 2F
0-1: Foul Ball, location: 2F
0-2: Strikes out swinging
Top of the 9th over - 0 runs, 0 hits, 0 errors, 1 left on base; University of Oklahoma 6 - University of Minnesota 0
BOTTOM OF THE 9TH
University of Minnesota Golden Gophers batting - Pitching for University of Oklahoma Sooners : LHP Brandon Lahoda
Pitching: RHP Jose Merced
Now at C: Nelson Morales
Batting: RHB Mike Satterfield 0-0: Foul Ball, location: 2F
0-1: Ball
1-1: Ball
2-1: Ground out 5-3 (Groundball, 56, EV 96.9 MPH)
Pinch Hitting: LHB Ivan Villegas 0-0: Ground out 1-3 (Groundball, 34S, EV 66.9 MPH)
Batting: LHB Jose Moncada 0-0: Ball
1-0: Called Strike
1-1: Ball
2-1: Swinging Strike
2-2: Ball
3-2: Foul Ball, location: 2F
3-2: Strikes out swinging
Bottom of the 9th over - 0 runs, 0 hits, 0 errors, 0 left on base; University of Oklahoma 6 - University of Minnesota 0
Tuesday, March 28th , 2023 - OOTP Baseball 23.10 Build 110